 Dungeon Crawl Stone Soup version 0.29-a0-495-g17b79114eb (webtiles) character file.

Game seed: 5657900115961348957

18 spiderkeys the Ducker (level 2, 0/14 HPs)
             Began as a Felid Abyssal Knight on May 28, 2022.
             Was a Believer of Lugonu.
             Slain by an endoplasm (1 damage)
             ... on level 1 of the Dungeon.
             The game lasted 00:01:00 (1281 turns).

spiderkeys the Ducker (Felid Abyssal Knight)        Turns: 1281, Time: 00:01:01

Health: 0/14       AC:  1    Str:  9    XL:     2   Next: 48%
Magic:  4/4        EV: 18    Int: 11    God:    Lugonu [**....]
Gold:   44         SH:  0    Dex: 16    Spells: 1/1 levels left
                                        Lives:  0   Deaths: 0

rFire   . . .      SeeInvis +     - Unarmed
rCold   . . .      Faith    .   (shield unavailable)
rNeg    . . .      Spirit   .   (body armour unavailable)
rPois   .          Reflect  .   (helmet unavailable)
rElec   .          Harm     .   (cloak unavailable)
rCorr   .          Rampage  .   (gloves unavailable)
Will    .....                   (boots unavailable)
Stlth   ++........              (no amulet)
HPRegen 0.04/turn               (no ring)
MPRegen 0.09/turn               (no ring)

@: quick
A: very small, claws 1, fangs 3, see invisible, speed 1, shaggy fur 1, stealthy
paws, no weapons or thrown items, no armour, multi-lived
a: Renounce Religion, Depart the Abyss, Bend Space


You were on level 1 of the Dungeon.
You worshipped Lugonu.
Lugonu was pleased with you.
You visited 1 branch of the dungeon, and saw 1 of its levels.
You visited the Abyss 1 time.

You collected 44 gold pieces.


Innate Abilities, Weirdness & Mutations

You have sharp claws.
You have razor-sharp teeth.
You have supernaturally acute eyesight. (SInv)
You cover ground quickly. (Speed+)
You are covered in fur. (AC +1)
Your paws help you pounce on unaware monsters.
You are incapable of wielding weapons or throwing items.
You cannot wear armour.
You gain extra lives every three experience levels.


   Skills:
 + Level 3.2 Fighting
 + Level 3.6 Dodging
 + Level 0.4 Stealth
 + Level 2.3 Unarmed Combat
 + Level 2.1 Invocations


You had one spell level left.
You didn't know any spells.
Your spell library contained the following spells:

 Spells                   Type           Power      Damage    Failure   Level
 Magic Dart               Conj           0%         1d3       34%         1
 Call Imp                 Summ           0%         N/A       47%         2
 Mephitic Cloud           Conj/Pois/Air  0%         N/A       71%         3

Inventory:

Scrolls
 a - a scroll of immolation {unknown}
 b - a scroll of teleportation {unknown}
 e - a scroll of identify {unknown}
Potions
 c - 2 potions of haste {unknown}
 d - a potion of berserk rage {unknown}

Dungeon Overview and Level Annotations

Branches:
Dungeon (1/15)

Altars:

#######.#.......
#..............#
#.####..#.###... #.#
#...#.......
###.###########...
#.................
#.#........####..#
####'########.# #...
#...@....# #.# ##..
#..JJ....# #.# #..
#........# #.# #..
#........# #.# #..
#........# #.# ##..
#..?.....# #.# #>..
#........# #.# #..#
####.......##.####...
...........#.##


You could see 2 endoplasms.


Message History

The ball python closely misses you. x2
You scratch the ball python. You claw the ball python.
The ball python closely misses you. x3
The ball python grabs you.
The ball python constricts you. 😕 HP[-1]
You take 1 damage, and now have 13/14 hp.
You scratch the ball python.
You kill the ball python!
Lugonu accepts your kill.
No target in view!
No target in view!
No target in view!
Key pressed, stopping explore.
You enter the shallow water.
Moving in this stuff is going to be slow.
Things that are here:
a +0 dagger; a +0 pair of gloves; 😎 HP[+1]
Your hp is fully restored (14).
You enter the shallow water.
Moving in this stuff is going to be slow.
You now have 44 gold pieces (gained 2).
You enter the shallow water.
Moving in this stuff is going to be slow.
You enter the shallow water.
Moving in this stuff is going to be slow.
You enter the shallow water.
Moving in this stuff is going to be slow.
A bat comes into view.
A bat is nearby!
A bat is nearby!
You enter the shallow water.
Moving in this stuff is going to be slow.
You scratch the bat. The bat hits you. 😕 HP[-1]
You take 1 damage, and now have 13/14 hp.
You scratch the bat.
You kill the bat!
Lugonu accepts your kill.
No target in view!
No target in view!
No target in view!
No target in view!
You enter the shallow water.
Moving in this stuff is going to be slow.
A hobgoblin comes into view. 😎 HP[+1]
Your hp is fully restored (14).
A hobgoblin is nearby!
A hobgoblin is nearby!
You pounce on the unaware helpless hobgoblin!
You claw the hobgoblin!
You kill the hobgoblin!
Lugonu accepts your kill.
No target in view!
No target in view!
No target in view!
You enter the shallow water.
Moving in this stuff is going to be slow.
Found a stone staircase leading down.
Key pressed, stopping explore.
As you open the door, it creaks loudly!
Key pressed, stopping explore.
You open the door. 2 endoplasms come into view.
There is an open door here.
The endoplasm quivers.
The endoplasm quivers.
You scratch the endoplasm. The endoplasm freezes you.
You are frozen. 😕 HP[-2]
You take 2 damage, and now have 12/14 hp.
You barely miss the endoplasm.
You scratch the endoplasm but do no damage.
The endoplasm barely misses you. 😕 HP[+1]
You barely miss the endoplasm. The endoplasm freezes you.
You are frozen.
The endoplasm hits you but does no damage. 😮 HP[-5]
You take 5 damage, and now have 8/14 hp.
MASSIVE DAMAGE!! (PAUSE)
You completely miss the endoplasm. The endoplasm freezes you.
You are frozen.
* * * LOW HITPOINT WARNING * * *
The endoplasm freezes you.
You are frozen.
* * * LOW HITPOINT WARNING * * *
😱 HP[-7]
You take 7 damage, and now have 1/14 hp.
MASSIVE DAMAGE!! (PAUSE)
You don't have enough health at the moment.
Unknown command.
Unknown command.
You scratch the endoplasm but do no damage.
The endoplasm hits you.
You die...

Skill      XL: |  1 |
---------------+----+-----
Invocations    | 2 |  2.1
Fighting       | |  3.2
Dodging        | |  3.6
Stealth        | |  0.4
Unarmed Combat | |  2.3

Action                   || total
-------------------------++-------
Melee: Unarmed           ||    46
       Bite              ||     5
       Punch             ||     4
 Stab: Sleeping          ||     1
Armor: Skin              ||     2
Dodge: Dodged            ||    32

Levels and vault maps discovered:
D:1:      dpeg_arrival_erosion, layout_basic, chequers_serial_rivers_marsh

Notes
Turn   | Place    | Note
-------+----------+-------------------------------------------
     0 | Abyss:1  | spiderkeys the Felid Abyssal Knight began the quest for the
                  | Orb.
     0 | Abyss:1  | Reached XP level 1. HP: 10/10 MP: 3/3
     0 | Abyss:1  | magus.rc [v1.11.3]
    43 | D:1      | You pass through the gate.
    43 | D:1      | Escaped the Abyss
    96 | D:1      | HP: 2/10 [jackal (2)]
   101 | D:1      | Reached skill level 2 in Invocations
   369 | D:1      | You pick up a book of Minor Magic and begin reading...
   369 | D:1      | You add the spells Magic Dart, Call Imp and Mephitic Cloud
                  | to your library.
   453 | D:1      | Reached XP level 2. HP: 14/14 MP: 4/4
  1280 | D:1      | HP: 1/14 [frozen (3)]
  1281 | D:1      | Slain by an endoplasm

Vanquished Creatures
  A bat (D:1)
  2 giant cockroaches (D:1)
  A goblin (D:1)
  2 hobgoblins (D:1)
  4 jackals (D:1)
  A kobold (D:1)
  2 ball pythons (D:1)
  A frilled lizard (D:1)
14 creatures vanquished.

Table legend:
 A = Non-vault XP
 B = Vault XP
 C = Vault XP percentage of total XP
 D = Non-vault monster count
 E = Vault monster count
 F = Vault count percentage of total count
                 A         B        C        D         E       F
            +---------+---------+-------+---------+---------+-------
      Total |      26 |       0 |   0.0 |      14 |       0 |   0.0
            +---------+---------+-------+---------+---------+-------
        D:1 |      26 |       0 |   0.0 |      14 |       0 |   0.0
            +---------+---------+-------+---------+---------+-------

Illustrated notes

Table legend:
 A = Kills in this place as a percentage of kills in entire the game.
 B = Kills by you in this place as a percentage of kills by you in the entire game.
 C = Kills by friends in this place as a percentage of kills by friends in the entire game.
 D = Other kills in this place as a percentage of other kills in the entire game.
 E = Experience gained in this place as a percentage of experience gained in the entire game.
 F = Experience gained in this place divided by the number of levels of this place that you have seen.
                   A       B       C       D       E      F
               +-------+-------+-------+-------+-------+----------------------
         Total | 100.0 | 100.0 |   N/A |   N/A | 100.0 |  13.0
       Dungeon | 100.0 | 100.0 |   N/A |   N/A | 100.0 |  26.0
               +-------+-------+-------+-------+-------+----------------------

Table legend: (Time is in decaauts)
 A = Elapsed time spent in this place.
 B = Non-inter-level travel time spent in this place.
 C = Inter-level travel time spent in this place.
 D = Time resting spent in this place.
 E = Time spent auto-exploring this place.
 F = Levels seen in this place.
 G = Mean time per level.
                   A        B        C        D        E       F      G
               +--------+--------+--------+--------+--------+-----+--------+
         Total |   1175 |   1175 |      0 |      0 |   1076 |   2 |  587.5 |
       Dungeon |   1140 |   1140 |      0 |      0 |   1048 |   1 | 1140.0 |
         Abyss |     34 |     34 |      0 |      0 |     28 |   1 |   34.0 |
               +--------+--------+--------+--------+--------+-----+--------+

Top non-repeatable levels by time:
     D:1: 1140 daAuts
 Abyss:1: 34 daAuts
